 Dungeon Crawl Stone Soup version 0.16-a0-3636-gf0307c9 (console) character file.

294 MrRokkomies the Insei (level 6, -2/43 HPs)
             Began as an Octopode Transmuter on Jan 15, 2015.
             Slain by a wyvern (12 damage)
             ... on level 4 of the Dungeon.
             The game lasted 00:20:38 (3189 turns).

MrRokkomies the Insei (Octopode Transmuter)         Turns: 3189, Time: 00:20:38

Health: -2/43      AC:  1    Str:  9    XL:     6   Next: 34%
Magic:  9/10       EV: 12    Int: 17    God:
Gold:   138        SH:  0    Dex: 13    Spells: 2 memorised, 5 levels left

rFire  . . .     SeeInvis .       - Unarmed
rCold  . . .     Clarity  .     (no shield)
rNeg   . . .     SustAb   .     (helmet restricted)
rPois  +         Gourm    .     (no amulet)
rElec  .         Spirit   .     n - ring of poison resistance
rCorr  .         Warding  .     (no ring)
rMut   .         Stasis   .     (no ring)
MR     .....                    (no ring)
Stlth  ++++......               (no ring)
                                (no ring)
                                (no ring)
                                (no ring)

@: not resistant to hostile enchantments, stealthy
A: almost no armour, amphibious, 8 rings, constrict 8, camouflage 1, gelatinous
body 1
a: no special abilities


You were on level 4 of the Dungeon.
You were not hungry.

You visited 1 branch of the dungeon, and saw 4 of its levels.

You collected 138 gold pieces.

Inventory:

Missiles
 b - 12 arrows
 c - 10 stones (quivered)
 h - 38 poisoned needles
Armour
 e - a +1 shield
Jewellery
 n - a ring of poison resistance (left tentacle)
Magical devices
 j - a wand of disintegration (3)
Scrolls
 g - 3 scrolls of remove curse
 i - a scroll of magic mapping
 m - a scroll of random uselessness {unknown}
 p - a scroll of enchant weapon {unknown}
 s - 2 scrolls of teleportation
Potions
 o - 2 potions of cure mutation
Books
 d - a book of Changes

   Spells                             Type                      Level
   a - Beastly Appendage              Transmutation                1
   b - Sticks to Snakes               Transmutation                2
   c - Spider Form                    Transmutation/Poison         3
   d - Ice Form                       Ice/Transmutation            4
   e - Blade Hands                    Transmutation                5
Comestibles
 a - 2 bread rations
 f - 2 meat rations
 k - a slice of pizza
 l - a royal jelly


   Skills:
 * Level 4.0 Fighting
 - Level 2.0 Dodging
 + Level 4.0 Stealth
 * Level 4.6 Unarmed Combat
 - Level 2.0 Spellcasting
 - Level 2.0 Transmutations


You had 5 spell levels left.
You knew the following spells:

 Your Spells              Type           Power        Failure   Level  Hunger
a - Beastly Appendage     Trmt           #.....       10%         1    #......
b - Spider Form           Trmt/Pois      #.........   38%         3    ###....


Dungeon Overview and Level Annotations

Branches:
Dungeon (4/15)
 Temple: D:4-7

Altars:
Dithmenos
Fedhas

Annotations:
D:3 Tyryt0's ghost, average DsFi


Innate Abilities, Weirdness & Mutations

You cannot wear most types of armour.
You are amphibious.
You can wear up to eight rings at the same time.
You can use your tentacles to constrict many enemies at once.
Your skin changes colour to match your surroundings (Stealth).
Your rubbery body absorbs attacks (AC +1).


Message History

You bite the orc priest!
You kill the orc priest!
Your Fighting skill increases to level 4!
The orc completely misses you. The orc hits you with a flail!
* * * LOW HITPOINT WARNING * * *
Drink which item? (? for menu, Esc to quit)
Okay, then.
The orc hits you but does no damage. The orc completely misses you.
The orc barely misses you. The wyvern barely misses you.
You bite the orc!
The orc is poisoned.
The orc is severely wounded.
Your transformation has ended.
The orc hits you.
* * * LOW HITPOINT WARNING * * *
The wyvern barely misses you. The wyvern misses you.
You feel a bit more experienced. The wyvern misses you. The wyvern bites you!
You die...

#.....#....................
#.....#..###.......#.#.....
#..........................
#............ .............
#....#...#.## #..#.......
#....#...#.# #..........
#....ooo...# #..#.#...##
#######.##.######..###†....
#########.........#..# #.†...
..........##D####.#..###...##
#########.##@# #.#..........
#.##.# #..........##
#.##.####..<.......##
#.##.......÷.........
#####.#######.##.##≈≈≈≈≈≈
####................##≈#≈≈≈≈
#........#######.##.##≈#≈###
####.###########.##...≈#≈≈≈≈
#................##.#.≈≈≈≈≈≈
###################.#......#
##########


You could see a wyvern.

Vanquished Creatures
  An orc priest (D:4)
  2 orc wizards (D:4)
  Natasha (D:3)
  2 worker ants (D:4)
  Ijyb (D:3)
  Robin (D:3)
  2 adders
  3 worms
  An adder skeleton (D:3)
  A giant gecko (D:3)
  An ooze (D:3)
  2 orcs (D:4)
  3 giant cockroaches
  13 goblins
  12 hobgoblins
  A quokka (D:2)
  A ball python (D:2)
  10 bats
  4 giant newts
  6 kobolds
  4 rats
72 creatures vanquished.

Vanquished Creatures (others)
  A rat (D:3)
1 creature vanquished.

Grand Total: 73 creatures vanquished

Notes
Turn   | Place    | Note
--------------------------------------------------------------
     0 | D:1      | MrRokkomies, the Octopode Transmuter, began the quest for the Orb.
     0 | D:1      | Reached XP level 1. HP: 13/13 MP: 3/3
   266 | D:1      | Reached XP level 2. HP: 16/18 MP: 4/4
   339 | D:1      | Reached skill level 1 in Stealth
   929 | D:2      | Reached XP level 3. HP: 22/24 MP: 4/6
  1339 | D:2      | Reached XP level 4. HP: 9/30 MP: 5/7
  1755 | D:3      | Found a blossoming altar of Fedhas.
  1824 | D:3      | Learned a level 3 spell: Spider Form
  1963 | D:3      | Noticed Tyryt0's ghost (average DsFi)
  2062 | D:3      | Noticed Ijyb
  2081 | D:3      | Killed Ijyb
  2174 | D:3      | Noticed Robin
  2528 | D:3      | Killed Robin
  2528 | D:3      | Reached XP level 5. HP: 36/36 MP: 6/9
  2552 | D:3      | Reached skill level 4 in Unarmed Combat
  2592 | D:3      | Noticed Natasha
  2601 | D:3      | Killed Natasha
  2804 | D:4      | Noticed a wyvern
  2828 | D:4      | Reached XP level 6. HP: 15/43 MP: 7/10
  3058 | D:4      | Found a shadowy altar of Dithmenos.
  3189 | D:4      | Slain by a wyvern

Action                   |  1- 3 |  4- 6 || total
-------------------------+-------+-------++-------
Melee: Unarmed           |    77 |   114 ||   191
Throw: Stone             |    25 |     5 ||    30
 Cast: Beastly Appendage |     4 |     7 ||    11
       Spider Form       |       |     4 ||     4
Evoke: Wand              |       |     2 ||     2
  Use: Scroll            |     2 |    10 ||    12
       Potion            |       |     4 ||     4
 Stab: Sleeping          |     6 |     2 ||     8
  Eat: Chunk             |     1 |     7 ||     8
